 Dungeon Crawl Stone Soup version 0.26-a0-682-g294304f6e8 (webtiles) character file.

Game seed: 15987101043049016533

16764 marklar909 the Basher (level 12, -3/94 HPs)
             Began as a Formicid Abyssal Knight on Oct 20, 2020.
             Was a High Priest of Lugonu.
             Killed from afar by a hell hound (9 damage)
             ... with a blast of flame
             ... led by Azrael
             ... on level 12 of the Dungeon.
             The game lasted 00:29:37 (20311 turns).

marklar909 the Basher (Formicid Abyssal Knight)    Turns: 20311, Time: 00:29:38

Health: -3/94      AC: 21    Str: 21    XL:     12   Next: 74%
Magic:  0/18       EV:  8    Int: 13    God:    Lugonu [*****.]
Gold:   698        SH:  0    Dex: 10    Spells: 8/11 levels left

rFire    . . .     SeeInvis +   a - +2 dire flail (drain) (curse)
rCold    . . .     Faith    .   (no shield)
rNeg     + . .     Spirit   +   y - +0 plate armour (curse)
rPois    .         Reflect  .   (helmet unavailable)
rElec    .         Harm     .   z - +0 cloak
rCorr    +         Rampage  .   i - +0 pair of gloves (curse)
MR       +....                  d - +2 pair of boots
Stlth    ..........             f - amulet of guardian spirit
HPRegen  0.25/turn              x - ring of Xippaos {rN+ SInv}
MPRegen  0.16/turn              A - ring of resist corrosion

@: mighty, very slightly contaminated, invisible
A: permanent stasis, dig shafts and tunnels, four strong arms, antennae 3
a: Dig, Shaft Self, Depart the Abyss, Bend Space, Banish, Corrupt, Enter the
Abyss, Renounce Religion


You were on level 12 of the Dungeon.
You worshipped Lugonu.
Lugonu was extremely pleased with you.
You visited 1 branch of the dungeon, and saw 12 of its levels.
You visited the Abyss 1 time.

You collected 900 gold pieces.
You spent 202 gold pieces at shops.

Inventory:

Hand Weapons
 a - a cursed +2 dire flail of draining (weapon)
 b - a +1 mace of holy wrath
 h - a +1 whip of distortion
Missiles
 r - 4 javelins
 s - 44 poisoned darts (quivered)
Armour
 d - a +2 pair of boots (worn)
 i - a cursed +0 pair of gloves (worn)
 y - a cursed +0 plate armour (worn)
 z - a +0 cloak (worn)
Jewellery
 f - an amulet of guardian spirit (around neck)
 x - the ring of Xippaos (left hand) {rN+ SInv}
   (You found it on level 8 of the Dungeon)

   [ring of positive energy]

   It protects you from negative energy.
   It lets you see invisible.
 A - a ring of resist corrosion (right hand)
Wands
 t - a wand of acid (7)
 w - a wand of digging (4)
 E - a wand of flame (12)
Scrolls
 c - 7 scrolls of remove curse
 m - 2 scrolls of magic mapping
 q - 5 scrolls of amnesia
 C - 2 scrolls of identify
 D - 2 scrolls of fog
 F - a scroll of silence {unknown}
Potions
 e - a potion of ambrosia
 g - a potion of invisibility
 k - 2 potions of cancellation
 l - 2 potions of lignification
 n - a potion of mutation {unknown}
 p - a potion of haste {unknown}
 v - 3 potions of brilliance
Miscellaneous
 B - a phial of floods (inert)


   Skills:
 + Level 8.9 Fighting
 + Level 11.1 Maces & Flails
 + Level 8.4 Throwing
 + Level 10.4 Armour
 + Level 3.7 Dodging
 + Level 1.5 Stealth
 + Level 8.6 Invocations
 + Level 1.3 Evocations


You had 8 spell levels left.
You knew the following spells:

 Your Spells              Type           Power        Failure   Level
a - Confusing Touch       Hex            #.......     100%        3

Your spell library contained the following spells:

 Spells                   Type           Power        Failure   Level
 Corona                   Hex            #......      99%         1
 Foxfire                  Conj/Fire      #...         99%         1
 Summon Small Mammal      Summ           #...         99%         1
 Call Imp                 Summ           #.......     100%        2
 Ensorcelled Hibernation  Hex/Ice        #.....       100%        2
 Call Canine Familiar     Summ           #.......     100%        3
 Conjure Flame            Conj/Fire      #.......     100%        3
 Dazzling Flash           Conj/Hex       #.....       100%        3
 Inner Flame              Hex/Fire       #.......     100%        3
 Summon Guardian Golem    Hex/Summ       #.......     100%        3
 Tukima's Dance           Hex            #.......     100%        3
 Sticky Flame             Conj/Fire      #.......     100%        4
 Summon Ice Beast         Ice/Summ       #.......     100%        4
 Summon Lightning Spire   Summ/Air       #.......     100%        4
 Bolt of Magma            Conj/Fire/Erth #.........   100%        5
 Fireball                 Conj/Fire      #.........   100%        5
 Iskenderun's Battlesphe  Conj           #.......     100%        5
 Iron Shot                Conj/Erth      #.........   100%        6
 Orb of Destruction       Conj           #.........   100%        7
 Spellforged Servitor     Conj/Summ      #.........   100%        7


Dungeon Overview and Level Annotations

Branches:
Dungeon (12/15)            Temple (0/1) D:4            Lair (0/6) D:8
    Orc (0/2) D:10

Altars:
Dithmenos
Elyvilon
Hepliaklqana
Kikubaaqudgha
Makhleb
Nemelex Xobeh
Qazlal
Ru
Trog
Uskayaw
Xom
Yredelemnul
Zin

Shops:
D:8 *   D:9 [   D:11 *

Portals:
Gauntlet: D:12

Annotations:
D:9 1 runed translucent door, 2 transporters
Abyss:1 Azrael


Innate Abilities, Weirdness & Mutations

You cannot be hasted, slowed, berserked, paralysed or teleported.
You can dig through walls and to a lower floor.
Your four strong arms can wield two-handed weapons with a shield.
You have a pair of large antennae on your head. (SInv)


Message History

You barely miss the fire elemental.
The fire elemental is almost destroyed.
The fire elemental hits you. The fire elemental burns you!
* * * LOW HITPOINT WARNING * * *
Unknown command.
You bludgeon the fire elemental!!
You destroy the fire elemental!
Lugonu accepts your kill. The hell hound bites you!
* * * LOW HITPOINT WARNING * * *
Unknown command.
Okay, then.
Evoke which item? (* to show all) (? for menu, Esc to quit)
Aiming: Corrosive Bolt
Press: ? - help, Shift-Dir - straight line, f - hell hound
Aim: a hell hound The bolt of acid misses the hell hound.
The hell hound breathes flames at you. The blast of flame hits you!
You die...

####### #.....#
#.###.# #.#.#.#
#.#.#.####
#.#.#E☼#@#
#.#.#☼#h##
#.#.#○###
#...#°# #####.#
#E# #h# { #.#
############.##


You could see a hell hound (catching breath).

Vanquished Creatures
  A hydra (D:11)
  A centaur warrior (D:9)
  4 two-headed ogres
  An unseen horror (D:11)
  A centaur zombie (D:10)
  A gargoyle (D:11)
  3 trolls
  A wyvern (D:10)
  Eustachio (D:6)
  6 yaks
  3 fire elementals (D:12)
  A basilisk (D:11)
  3 wargs (D:8)
  A hell hound (D:12)
  9 orc warriors
  A water moccasin (D:9)
  4 sky beasts
  6 black bears
  5 ice beasts
  An eye of draining (D:8)
  13 ogres
  3 centaurs
  4 big kobolds
  8 bullfrogs
  An earth elemental (D:11)
  A wyvern skeleton (D:10)
  9 killer bees
  3 scorpions
  A water moccasin skeleton (D:11)
  9 wights
  2 quasits
  7 hounds
  3 jellies
  8 orc priests
  3 centaur skeletons
  7 orc wizards
  3 bullfrog skeletons
  5 iguanas
  5 worker ants
  A killer bee zombie (D:8)
  A hound skeleton (D:2)
  A worker ant zombie (D:8)
  15 adders
  5 shadow imps
  5 white imps
  An ufetubus (D:9)
  An adder zombie (D:8)
  4 worms
  3 dart slugs
  3 leopard geckos
  56 orcs
  6 giant cockroaches
  2 gnoll zombies (D:7)
  11 goblins
  6 hobgoblins
  11 jackals
  29 kobolds
  3 quokkas
  A ball python (D:6)
  9 bats
  10 frilled lizards
  A leopard gecko skeleton (D:4)
  12 rats
346 creatures vanquished.

Vanquished Creatures (others)
  An orc priest (D:12)
  An orc (D:10)
  4 starspawn tentacles (Abyss:2)
6 creatures vanquished.

Grand Total: 352 creatures vanquished

Notes
Turn   | Place    | Note
-------+----------+-------------------------------------------
     0 | Abyss:1  | marklar909 the Formicid Abyssal Knight began the quest for
                  | the Orb.
     0 | Abyss:1  | Reached XP level 1. HP: 18/18 MP: 2/2
   119 | Abyss:2  | Noticed a tentacled starspawn
   125 | Abyss:2  | Noticed a starcursed mass
   126 | Abyss:2  | Noticed a large abomination
   139 | Abyss:2  | Noticed a sun demon
   140 | D:1      | Escaped the Abyss
   174 | D:1      | Reached * piety under Lugonu
   354 | D:1      | Reached XP level 2. HP: 22/25 MP: 3/3
   500 | D:1      | Reached XP level 3. HP: 30/30 MP: 4/4
  1107 | D:2      | Reached skill level 1 in Dodging
  1141 | D:2      | Reached XP level 4. HP: 30/37 MP: 5/5
  1773 | D:2      | Found a faded altar of an unknown god.
  1999 | D:2      | Found a stormy altar of Qazlal.
  2000 | D:2      | Noticed a fire elemental
  2002 | D:2      | Noticed an earth elemental
  2002 | D:2      | Noticed an air elemental
  2002 | D:2      | Noticed a water elemental
  2050 | D:2      | Reached skill level 3 in Maces & Flails
  2052 | D:2      | Reached XP level 5. HP: 38/42 MP: 6/6
  2390 | D:3      | Reached ** piety under Lugonu
  2674 | D:3      | Noticed a +0 dagger
  2679 | D:3      | Noticed a +0 dagger
  2683 | D:3      | Found a hide-covered altar of Uskayaw.
  3054 | D:3      | Found a burning altar of Makhleb.
  3119 | D:3      | Found a shimmering altar of Xom.
  3120 | D:3      | Found a hazy altar of Hepliaklqana.
  3121 | D:3      | Noticed a spectral ugly thing
  3406 | D:4      | Noticed an ogre
  3422 | D:4      | Found Zin's Purification Station.
  3422 | D:4      | Found a glowing silver altar of Zin.
  3437 | D:4      | Reached XP level 6. HP: 16/49 MP: 8/8
  3442 | D:4      | Reached skill level 4 in Maces & Flails
  3688 | D:4      | Bought a potion of curing for 90 gold pieces
  3950 | D:4      | Found a white marble altar of Elyvilon.
  4140 | D:4      | Found a staircase to the Ecumenical Temple.
  4794 | D:3      | Killed an ogre
  4794 | D:3      | Reached XP level 7. HP: 55/55 MP: 9/9
  4883 | D:5      | Entered Level 5 of the Dungeon
  4891 | D:5      | Reached *** piety under Lugonu
  5069 | D:5      | Reached skill level 5 in Maces & Flails
  5497 | D:5      | Reached skill level 5 in Fighting
  5497 | D:5      | Reached skill level 1 in Throwing
  5497 | D:5      | Reached XP level 8. HP: 62/62 MP: 11/11
  5857 | D:6      | Noticed Eustachio
  5879 | D:6      | Killed Eustachio
  5895 | D:6      | Reached skill level 5 in Invocations
  6118 | D:6      | Found a shadowy altar of Dithmenos.
  6171 | D:6      | Reached skill level 6 in Maces & Flails
  6264 | D:6      | Found an ancient bone altar of Kikubaaqudgha.
  6456 | D:6      | Reached skill level 5 in Armour
  6631 | D:6      | Reached skill level 1 in Stealth
  6631 | D:6      | Reached XP level 9. HP: 35/68 MP: 11/13
  6877 | D:6      | Reached **** piety under Lugonu
  8002 | D:6      | Found a stormy altar of Qazlal.
  8209 | D:7      | Found a basalt altar of Yredelemnul.
  9658 | D:7      | Found a bloodstained altar of Trog.
  9820 | D:8      | Reached skill level 7 in Maces & Flails
 10058 | D:8      | Reached XP level 10. HP: 10/76 MP: 2/14
 10380 | D:8      | Found a staircase to the Lair.
 10611 | D:8      | Found Nerph's Mass Market.
 10652 | D:8      | Reached skill level 1 in Evocations
 10853 | D:8      | Noticed a two-headed ogre
 10900 | D:8      | Killed a two-headed ogre
 10900 | D:8      | Reached skill level 8 in Maces & Flails
 11327 | D:8      | Got a brightly glowing tin ring
 11330 | D:8      | Identified the ring of Xippaos {rN+ SInv} (You found it on
                  | level 8 of the Dungeon)
 11454 | D:8      | Found a sparkling altar of Nemelex Xobeh.
 11518 | D:8      | Found a sacrificial altar of Ru.
 11845 | D:8      | Noticed a two-headed ogre
 11874 | D:8      | Killed a two-headed ogre
 11874 | D:8      | Reached skill level 5 in Throwing
 12258 | D:9      | Noticed a centaur warrior
 12296 | D:9      | Killed a centaur warrior
 12296 | D:9      | Reached ***** piety under Lugonu
 12296 | D:9      | Reached XP level 11. HP: 38/83 MP: 6/17
 12823 | D:9      | Reached skill level 9 in Maces & Flails
 12909 | D:9      | Found a runed translucent door.
 12909 | D:9      | Noticed a two-headed ogre
 13071 | D:9      | Found Hoixkaus's Antique Armour Shop.
 13102 | D:9      | Bought a cloak for 112 gold pieces
 13191 | D:9      | You fall into a shaft and drop 1 floor!
 13191 | D:10     | Entered Level 10 of the Dungeon
 14014 | D:10     | Found a staircase to the Orcish Mines.
 14576 | D:9      | Found a transporter.
 14631 | D:9      | Found a transporter.
 15819 | D:11     | Noticed a five-headed hydra
 15875 | D:11     | Noticed a manticore
 16423 | D:11     | Banished a manticore
 16526 | D:11     | Noticed a two-headed ogre
 16799 | D:10     | Killed a two-headed ogre
 18551 | D:11     | Reached XP level 12. HP: 82/92 MP: 16/18
 18717 | D:11     | Killed a five-headed hydra
 19019 | D:10     | Reached skill level 10 in Maces & Flails
 19291 | D:11     | Found Fasopeph's Pet Rocks.
 19293 | D:11     | Noticed an unseen horror
 19304 | D:11     | Killed an unseen horror
 19304 | D:11     | Reached skill level 10 in Armour
 19884 | D:12     | Noticed a two-headed ogre
 19892 | D:12     | Killed a two-headed ogre
 20019 | D:12     | Found a gate leading to a gauntlet.
 20075 | D:12     | Learned a level 3 spell: Confusing Touch
 20182 | D:12     | Noticed Azrael
 20273 | D:12     | Banished Azrael
 20273 | D:12     | Reached skill level 11 in Maces & Flails
 20311 | D:12     | Killed from afar by a hell hound

Illustrated notes

Levels and vault maps discovered:
D:1:      dpeg_arrival_fog, layout_loops_cross, minmay_curled_crystal
D:2:      layout_rooms, chequers_ecumenical_altar_twisty, kennysheep_cross_room,
          nicolae_qazlal_style_of_elements
D:3:      layout_loops_corners, regret_index_temple_of_mockery,
          dancing_weapons_uskayaw, lemuel_doored_altar,
          kennysheep_big_empty_room
D:4:      layout_cave_pods, overflow_temple_1_default, zin_purify,
          minmay_temple_entry_sparse_star, st_stairs_14
D:5:      layout_loops_ring
D:6:      layout_loops_ring, kennysheep_little_box, marbit_many_paths,
          kennysheep_mini_moat, uniq_eustachio
D:7:      layout_loops_corners, lemuel_zombie_altar_yredelemnul, bloody_trog
D:8:      layout_basic, lemuel_crystal_altar, erik_lair_orcish_takeover,
          basic_altar, minmay_shop_mass
D:9:      gammafunk_cloud_chamber, layout_layer_cave, serial_shops, shop,
          minmay_st_funbox, kb_rosetta
D:10:     layout_roguey, erik_orc_1
D:11:     layout_cave_pools, special_room [special_room_orc],
          minmay_misc_feat_chi, guppyfry_shop_earth
D:12:     layout_basic, gauntlet_entry_generic, grunt_ministairs_8,
          uniq_nergalle, uniq_azrael

Skill      XL: |  1  2  3  4  5  6  7  8  9 10 11 12 |
---------------+-------------------------------------+-----
Fighting       | 4 5 6 7 8 |  8.9
Dodging        | 1 2 3 |  3.7
Maces & Flails | 3 4 5 6 7 8 9 11 | 11.1
Armour         | 3 4 5 6 7 9 10 | 10.4
Invocations    | 3 4 5 6 8 |  8.6
Throwing       | 1 2 4 5 7 8 |  8.4
Stealth        | 1 |  1.5
Evocations     | 1 |  1.3

Action                   |  1- 3 |  4- 6 |  7- 9 | 10-12 || total
-------------------------+-------+-------+-------+-------++-------
Melee: Mace              |   135 |   199 |   146 |     5 ||   485
       Whip              |       |       |   269 |   404 ||   673
       Dire flail        |       |       |       |   359 ||   359
Throw: Dart              |       |       |    87 |   202 ||   289
Invok: Depart the Abyss  |     1 |       |       |       ||     1
       Bend Space        |       |     2 |     4 |     1 ||     7
       Banish            |       |       |       |     4 ||     4
 Abil: Dig               |       |     1 |     2 |     3 ||     6
Evoke: Wand              |       |     2 |     7 |     5 ||    14
       Phial of floods   |       |       |       |     1 ||     1
  Use: Scroll            |     2 |    11 |     9 |     7 ||    29
       Potion            |       |       |     5 |     8 ||    13
 Stab: Invisible         |       |       |       |     4 ||     4
Armor: Leather armour    |     5 |       |       |       ||     5
       Scale mail        |    71 |    91 |    60 |       ||   222
       Plate armour      |       |       |   109 |   534 ||   643
       Chain mail        |       |       |    36 |       ||    36
       Skin              |       |       |     9 |       ||     9
Dodge: Dodged            |    83 |   118 |   168 |   295 ||   664

Table legend: (Time is in decaauts)
 A = Elapsed time spent in this place.
 B = Non-inter-level travel time spent in this place.
 C = Inter-level travel time spent in this place.
 D = Time resting spent in this place.
 E = Time spent auto-exploring this place.
 F = Levels seen in this place.
 G = Mean time per level.
                   A        B        C        D        E       F      G
               +--------+--------+--------+--------+--------+-----+--------+
         Total |  20105 |  19121 |    984 |   4985 |  10776 |  14 | 1436.1 |
       Dungeon |  19965 |  18981 |    984 |   4985 |  10748 |  12 | 1663.8 |
         Abyss |    139 |    139 |      0 |      0 |     28 |   2 |   69.5 |
               +--------+--------+--------+--------+--------+-----+--------+

Top non-repeatable levels by time:
    D:10: 3879 daAuts
     D:8: 2301 daAuts
     D:9: 2164 daAuts
     D:6: 1949 daAuts
     D:7: 1582 daAuts
    D:11: 1511 daAuts
     D:3: 1339 daAuts
     D:5: 1334 daAuts
     D:4: 1319 daAuts
     D:2: 1176 daAuts
     D:1: 994 daAuts
    D:12: 413 daAuts
 Abyss:1: 79 daAuts
 Abyss:2: 60 daAuts
